 Dungeon Crawl Stone Soup version 0.24.0-123-gd5b16e6ec5 (webtiles) character file.

Game seed: 3952217945809367469, levelgen mode: deterministic

7788 Neles the Cleaver (level 11, -6/81 HPs)
             Began as a Demonspawn Fighter on Feb 7, 2020.
             Was a High Priest of Ru.
             Mangled by a yak (10 damage)
             ... summoned by an orange crystal statue
             ... on level 10 of the Dungeon.
             The game lasted 00:33:10 (8613 turns).

Neles the Cleaver (Demonspawn Fighter)              Turns: 8613, Time: 00:33:10

Health: -6/81      AC: 13    Str: 25      XL:     11   Next: 1%
Magic:  0/11       EV: 13    Int:  6 (15) God:    Ru [*****.]
Gold:   746        SH: 12    Dex: 17      Spells: 10/10 levels left

rFire    . . .     SeeInvis .   a - +3 war axe (venom)
rCold    x . .     Gourm    .   c - +1 shield
rNeg     + . .     Faith    .   n - +1 scale mail {rN+}
rPois    .         Spirit   +   y - +0 hat
rElec    .         Reflect  .   m - scarf {Spirit}
rCorr    .         Harm     .   t - +0 pair of gloves
MR       .....                  p - +0 pair of boots
Stlth    ++........             (no amulet)
HPRegen  0.23/turn              (no ring)
MPRegen  0.12/turn              (no ring)

@: mighty, brilliant, agile, exhausted, lightly drained
A: claws 1, iridescent scales 1, fire resistance 1, spiny 2, flame cloud
immunity, inability to train dodging, unskilled 1, temperature sensitive
a: Draw Out Power, Power Leap, Apocalypse, Renounce Religion


You were on level 10 of the Dungeon.
You worshipped Ru.
Ru was extremely pleased with you.
You were not hungry.

You visited 1 branch of the dungeon, and saw 10 of its levels.
You also visited: Sewer and Ossuary.

You collected 746 gold pieces.

Inventory:

Hand Weapons
 a - a +3 war axe of venom (weapon)
 E - a +1 battleaxe
Armour
 c - a +1 shield (worn)
 m - a scarf of spirit shield (worn)
 n - a +1 scale mail of positive energy (worn)
 p - a +0 pair of boots (worn)
 s - a +0 troll leather armour
 t - a +0 pair of gloves (worn)
 y - a +0 hat (worn)
Wands
 b - a wand of acid (4)
 d - a wand of digging (5)
 q - a wand of enslavement (6)
Scrolls
 g - 4 scrolls of magic mapping
 i - 4 scrolls of fog
 k - a scroll of remove curse
 l - 6 scrolls of teleportation
 D - 2 scrolls of blinking
Potions
 v - a potion of lignification
Comestibles
 f - 14 rations


   Skills:
 + Level 6.2(5.8) Fighting
 + Level 9.7(9.3) Axes
 + Level 7.1(6.7) Armour
 + Level 2.6(2.3) Stealth
 + Level 6.3(5.9) Shields


You had 10 spell levels left.
You didn't know any spells.
Your spell library contained the following spells:

 Spells                   Type           Power        Failure   Level  Hunger
 Corona                   Hex            #......      32%         1    ##.....
 Ensorcelled Hibernation  Hex/Ice        #.....       43%         2    ###....
 Confuse                  Hex            #.......     65%         3    ####...
 Dazzling Spray           Conj/Hex       #.....       65%         3    ####...
 Tukima's Dance           Hex            #.......     65%         3    ####...


Dungeon Overview and Level Annotations

Branches:
Dungeon (10/15)            Temple (0/1) D:6           Sewer (visited)
Ossuary (visited)
   Lair: D:8-11         Orc: D:9-12

Altars:
Dithmenos
Hepliaklqana
Ru
Xom

Annotations:
D:10 1 runed translucent door, exclusion: 4 orange crystal statues


Innate Abilities, Weirdness & Mutations

You have sharp fingernails.
You are partially covered in iridescent scales. (AC +2)
Your flesh is heat resistant. (rF+)
You are mostly covered in sharp spines.
You are immune to clouds of flame.
You cannot train Dodging skill.
You are somewhat unskilled. (-1 Apt)
You are sensitive to extremes of temperature. (rF-, rC-)


Message History

The gnoll barely misses you. The orc is struck by your spines.
The orc hits you with a +0 whip.
* * * LOW HITPOINT WARNING * * *
You focus your will and slow the orc in retribution!
The gnoll hits you but does no damage.
The yak is stunned by your will and fails to attack.
You slice the yak!!
The yak is severely wounded.
You slash the yak!
The yak looks as sick as possible!
You slash the gnoll!
You kill the gnoll!
The gnoll's corpse dissolves into shadows!
You completely miss the orc warrior. You slash the orc!
You kill the orc!
The orc's corpse dissolves into shadows!
You feel less confused. You block the yak's attack.
The orc hits you but does no damage.
The orange crystal statue glitters.
The orc warrior is stunned by your will and fails to attack.
The gnoll closely misses you. The yak gores you!
You die...

..... #... ... .....
####.######### .....
#....#8.....8# .
.....###....#.#...#.# ..
............#.......#...
............'...[Y..+...
......<...#.#..o.gg.#
............#.#oOY#l#..#
............#8r.@Yo8#..#
###########.#########..#
........ . .........
.......... ........####
..####+# ..


You could see 4 orange crystal statues, a two-headed ogre, 3 yaks, an orc
warrior, 2 gnolls, 2 orcs, a leopard gecko and a quokka.

Vanquished Creatures
  Harold (D:8)
  Maurice (D:8)
  A guardian serpent (D:9)
  A troll (D:9)
  A merfolk (D:9)
  A hornet (D:9)
  Grinder (D:5)
  Prince Ribbit (D:6)
  6 yaks (D:9)
  Duvessa (D:4)
  An ice beast (D:7)
  2 orc warriors (D:7)
  A sky beast (D:9)
  4 phantoms
  5 ogres
  5 centaurs
  2 big kobolds (D:9)
  Blork the orc (D:4)
  5 bullfrogs
  Dowan (D:4)
  15 killer bees
  4 wights (D:7)
  2 howler monkeys (D:6)
  A centaur zombie (D:8)
  2 crimson imps
  3 hounds
  Crazy Yiuf (D:4)
  8 orc wizards
  2 orc priests (D:9)
  A bullfrog skeleton (D:6)
  9 worker ants
  A killer bee zombie (D:7)
  The ghost of brucemayne the Chopper, a weakling HOMo (D:3)
  A hound skeleton (D:5)
  9 mummies
  Robin (D:4)
  4 gnolls (D:3)
  A river rat (D:6)
  14 adders
  3 shadow imps
  6 worms
  2 dart slugs (D:1)
  7 leopard geckos
  25 orcs
  10 bats
  9 giant cockroaches
  15 goblins
  12 hobgoblins
  6 jackals (D:2)
  3 quokkas
  3 ball pythons
  14 frilled lizards
  2 hobgoblin zombies (Ossuary)
  A jackal skeleton (D:4)
  19 kobolds
  2 kobold zombies (Ossuary)
  A leopard gecko skeleton (D:8)
  4 orc zombies (Ossuary)
  7 rats
273 creatures vanquished.

Vanquished Creatures (others)
  A two-headed ogre (D:8)
  A kobold (D:9)
  A fungus (D:3)
  A plant (D:3)
4 creatures vanquished.

Grand Total: 277 creatures vanquished

Notes
Turn   | Place    | Note
-------+----------+-------------------------------------------
     0 | D:1      | Neles the Demonspawn Fighter began the quest for the Orb.
     0 | D:1      | Reached XP level 1. HP: 18/18 MP: 1/1
    76 | D:1      | Gained mutation: You are partially covered in iridescent
                  | scales. (AC +2) [demonic ancestry]
    76 | D:1      | Reached XP level 2. HP: 23/24 MP: 2/2
   149 | D:1      | Reached skill level 2 in Axes
   433 | D:2      | Reached XP level 3. HP: 27/29 MP: 3/3
   948 | D:2      | Gained mutation: You have sharp fingernails. [demonic
                  | ancestry]
   948 | D:2      | Reached XP level 4. HP: 35/35 MP: 4/4
  1012 | D:2      | Found a shimmering altar of Xom.
  1522 | D:3      | Reached skill level 1 in Dodging
  1530 | D:3      | Reached XP level 5. HP: 9/42 MP: 5/5
  1796 | D:3      | Found a shadowy altar of Dithmenos.
  1807 | D:3      | Found a sacrificial altar of Ru.
  1808 | D:3      | Found a hazy altar of Hepliaklqana.
  1825 | D:3      | Became a worshipper of Ru the Awakened
  1954 | D:3      | Found a runed translucent gate.
  1954 | D:3      | Found a runed translucent gate.
  1954 | D:3      | Found a runed translucent gate.
  1957 | D:3      | Noticed brucemayne's ghost (weakling HOMo)
  1973 | D:3      | Noticed a phantom
  2033 | D:3      | Killed a phantom
  2033 | D:3      | Reached skill level 3 in Axes
  2178 | D:3      | Killed brucemayne's ghost
  2178 | D:3      | Reached XP level 6. HP: 48/48 MP: 6/6
  2421 | D:4      | Found a runed translucent door.
  2422 | D:4      | Noticed Crazy Yiuf
  2555 | D:4      | Found a sand-covered staircase.
  2566 | Ossuary  | Entered an ossuary
  2791 | Ossuary  | Reached skill level 4 in Axes
  3223 | D:4      | Noticed Blork the orc
  3230 | D:4      | Killed Blork the orc
  3523 | D:4      | Noticed Dowan
  3523 | D:4      | Noticed Duvessa
  3537 | D:4      | Killed Duvessa
  3537 | D:4      | Gained mutation: You are partially covered in sharp spines.
                  | [demonic ancestry]
  3537 | D:4      | Reached XP level 7. HP: 43/54 MP: 7/7
  3541 | D:4      | Killed Dowan
  3652 | D:4      | Noticed Robin
  3653 | D:4      | Reached skill level 5 in Axes
  3663 | D:4      | Killed Robin
  3679 | D:4      | Gained mutation: You cannot train Dodging skill. [Ru
                  | sacrifice]
  3679 | D:4      | Reached * piety under Ru
  3796 | D:4      | Killed Crazy Yiuf
  3856 | D:5      | Entered Level 5 of the Dungeon
  4056 | D:5      | Noticed Grinder
  4210 | D:5      | Gained mutation: You are mostly covered in sharp spines.
                  | [demonic ancestry]
  4210 | D:5      | Reached XP level 8. HP: 55/61 MP: 8/8
  4290 | D:5      | Killed Grinder
  4290 | D:5      | Reached skill level 6 in Axes
  4290 | D:5      | Reached skill level 5 in Armour
  4620 | D:6      | Reached skill level 1 in Stealth
  4623 | D:6      | Found a glowing drain.
  4626 | D:6      | Reached skill level 5 in Fighting
  4670 | Sewer    | Entered a sewer
  4839 | Sewer    | Reached skill level 7 in Axes
  5323 | D:6      | Found a staircase to the Ecumenical Temple.
  5429 | D:6      | Gained mutation: You are sensitive to extremes of
                  | temperature. (rF-, rC-) [Ru sacrifice]
  5429 | D:6      | Reached ** piety under Ru
  5429 | D:6      | Reached *** piety under Ru
  5429 | D:6      | Reached **** piety under Ru
  5474 | D:6      | Noticed Prince Ribbit
  5483 | D:6      | Gained mutation: Your flesh is heat resistant. (rF+)
                  | [demonic ancestry]
  5483 | D:6      | Reached XP level 9. HP: 59/68 MP: 9/9
  5484 | D:6      | Killed Prince Ribbit
  5840 | D:7      | Reached skill level 5 in Shields
  5840 | D:7      | Reached skill level 8 in Axes
  6241 | D:7      | Identified a scroll of acquirement
  6248 | D:8      | Noticed Maurice
  6264 | D:8      | Killed Maurice
  6264 | D:8      | Reached skill level 9 in Axes
  6523 | D:8      | Noticed Harold
  6531 | D:8      | Killed Harold
  6531 | D:8      | Reached XP level 10. HP: 41/76 MP: 10/10
  6588 | D:8      | Noticed a two-headed ogre
  6593 | D:8      | Killed a two-headed ogre
  7474 | D:9      | Gained mutation: You are somewhat unskilled. (-1 Apt) [Ru
                  | sacrifice]
  7474 | D:9      | Reduced skill Fighting to level 5
  7474 | D:9      | Reduced skill Axes to level 8
  7474 | D:9      | Reduced skill Shields to level 5
  7474 | D:9      | Reached ***** piety under Ru
  7549 | D:9      | Noticed a guardian serpent
  7558 | D:9      | Killed a guardian serpent
  7558 | D:9      | Reached skill level 9 in Axes
  8426 | D:9      | Gained mutation: You are immune to clouds of flame.
                  | [demonic ancestry]
  8426 | D:9      | Reached XP level 11. HP: 75/81 MP: 9/11
  8480 | D:10     | Entered Level 10 of the Dungeon
  8480 | D:10     | Found a runed translucent door.
  8488 | D:10     | Found the +10 large shield of Ignorance {rN+ Int-4}
  8491 | D:10     | Noticed an orange crystal statue
  8491 | D:10     | Noticed an orange crystal statue
  8491 | D:10     | Noticed an orange crystal statue
  8491 | D:10     | Noticed an orange crystal statue
  8597 | D:10     | Found a runed translucent door.
  8609 | D:10     | Noticed a two-headed ogre
  8611 | D:10     | HP: 4/81 [gnoll/+0 spear[an orange crystal statue] (2)]
  8613 | D:10     | Mangled by a yak

Levels and vault maps discovered:
D:1:      wander_arrival_chamber, layout_rooms
D:2:      layout_basic, xom_teletrap_fun, first_ration
D:3:      layout_rooms, minitemple, gammafunk_ghost_nasty_kobolds,
          supply_closet_lemuel
D:4:      layout_loops_ring, gup_ossuary_entry_pyramid, skrybe_limestone_x,
          uniq_blork_the_orc, uniq_crazy_yiuf_cottage, uniq_robin, uniq_duvessa
D:5:      layout_rooms, lemuel_old_faithful, uniq_grinder
D:6:      layout_loops_ring, minmay_temple_entry_sparse_star,
          cheibrodos_sewer_entry_sluice, kennysheep_generic_room_5,
          uniq_prince_ribbit1
D:7:      layout_basic
D:8:      layout_basic, uniq_harold, uniq_maurice
D:9:      layout_stronghold, hangedman_fish_farm,
          nrook_guardian_serpent_ordinary
D:10:     layout_irregular_city, erik_lair_orcish_takeover,
          gammafunk_ghost_wrathful_warriors, chequers_guarded_unrand_ignorance,
          uniq_sonja

Skill      XL: |  1  2  3  4  5  6  7  8  9 10 |
---------------+-------------------------------+-----
Axes           | 2 3 4 5 7 9 9 |  9.7
Shields        | 3 4 6 6 |  6.3
Armour         | 3 4 5 7 7 |  7.1
Dodging        | 1 0 |  0.0
Fighting       | 4 5 6 6 |  6.2
Stealth        | 1 2 |  2.6

Action                   |  1- 3 |  4- 6 |  7- 9 | 10-12 || total
-------------------------+-------+-------+-------+-------++-------
Melee: War axe           |   140 |   222 |   230 |   149 ||   741
Invok: Sacrifice Nimblen |       |       |     1 |       ||     1
       Sacrifice Resista |       |       |     1 |       ||     1
       Draw Out Power    |       |       |       |     3 ||     3
       Sacrifice Skill   |       |       |       |     1 ||     1
  Use: Potion            |       |    11 |     3 |    14 ||    28
       Scroll            |       |    16 |    12 |       ||    28
 Stab: Invisible         |       |       |     1 |     6 ||     7
       Paralysed         |       |       |       |     2 ||     2
       Distracted        |       |       |       |     1 ||     1
  Eat: Ration            |     1 |     2 |     3 |     2 ||     8
Armor: Scale mail        |    79 |    79 |    80 |    75 ||   313
       Troll leather arm |       |       |       |     3 ||     3
Dodge: Dodged            |    40 |    70 |    58 |    71 ||   239
Block: Shield            |    67 |   108 |   152 |    92 ||   419
